 Dungeon Crawl Stone Soup version 0.25-a0-35-g747a2b3c0c (webtiles) character file.

Game seed: 1607422397373497113, levelgen mode: deterministic

129 Arixos the Skirmisher (level 4, -1/37 HPs)
             Began as a Demonspawn Monk on Oct 19, 2019.
             Killed from afar by Sigmund (8 damage)
             ... with a magic dart
             ... on level 2 of the Dungeon.
             The game lasted 00:10:22 (3433 turns).

Arixos the Skirmisher (Demonspawn Monk)             Turns: 3433, Time: 00:10:22

Health: -1/37      AC:  4    Str: 12    XL:     4   Next: 88%
Magic:  4/4        EV: 13    Int: 11    God:
Gold:   85         SH:  0    Dex: 16    Spells: 3/3 levels left

rFire    . . .     SeeInvis .   i - +0 dagger
rCold    . . .     Gourm    .   (no shield)
rNeg     . . .     Faith    .   f - +0 leather armour
rPois    .         Spirit   .   (no helmet)
rElec    .         Reflect  .   (no cloak)
rCorr    .         Harm     .   c - +0 pair of gloves
MR       .....                  (no boots)
Stlth    ++++......             (no amulet)
HPRegen  0.12/turn              a - ring of stealth
MPRegen  0.09/turn              (no ring)

@: no status effects
A: demonic guardian 1, nightstalker 1
a: no special abilities


You were on level 2 of the Dungeon.
You were near starving.

You visited 1 branch of the dungeon, and saw 2 of its levels.

You collected 85 gold pieces.

Inventory:

Hand Weapons
 i - a +0 dagger (weapon)
Armour
 c - a +0 pair of gloves (worn)
 f - a +0 leather armour (worn)
Jewellery
 a - a ring of stealth (left hand)
Scrolls
 d - a scroll of magic mapping {unknown}
 g - 2 scrolls of identify {unknown}
 j - a scroll of fog {unknown}
 l - 3 scrolls of remove curse {unknown}
 m - a scroll of noise {unknown}
Potions
 h - a potion of brilliance
 k - a potion of degeneration {unknown}
Comestibles
 b - 5 rations


   Skills:
 + Level 4.0 Fighting
 + Level 0.0 Short Blades
 + Level 2.1 Armour
 + Level 3.6 Dodging
 + Level 1.7 Stealth
 - Level 2.8 Unarmed Combat


You had 3 spell levels left.
You didn't know any spells.
Your spell library was empty.

Dungeon Overview and Level Annotations

Branches:
Dungeon (2/15)

Altars:
Okawaru
Xom

Annotations:
D:2 Sigmund, Terence


Innate Abilities, Weirdness & Mutations

A weak demonic guardian rushes to your aid.
You are slightly more attuned to the shadows.


Message History

You feel less confused.
Something hits your iron imp but does no damage.
Something barely misses you. Something hits you!
There is an open door here.
Something hits your iron imp.
You close the door.
You start resting.
Something unseen opens the door.
Something hits you!
There is an open door here.
You hit something. You hit something but do no damage. Something hits you!
* * * LOW HITPOINT WARNING * * *
Something hits you.
* * * LOW HITPOINT WARNING * * *
There is an open door here.
A magic dart appears from out of thin air!
The magic dart hits you!
You die...

#...........# #..##
#<###.......###..# #.#
#............#
#.###.......####.#
#...........# #.#
############# #.# #.......#
##.###### #.#####.#
#.......######## #####
#.#####.@####.#..(...#
.8.8#####.#.......###.#.####.#
....##......###............#.#
....#####.#####...###.#.##.#.#
.......8#.# #..{..##.#.#^...#
........'.# ##.......#......##
.......8### ##.######.......#
....##### #.# #.......# .._.#
.# #.# #.......#


There were no monsters in sight!

Vanquished Creatures
  A howler monkey (D:2)
  Natasha (twice) (D:2)
  An adder (D:2)
  2 worms (D:2)
  2 dart slugs
  A leopard gecko (D:1)
  4 bats
  A giant cockroach (D:2)
  2 goblins (D:2)
  3 hobgoblins
  2 kobolds (D:2)
  A quokka (D:2)
  3 frilled lizards (D:2)
  6 rats
31 creatures vanquished.

Vanquished Creatures (collateral kills)
  Natasha (D:2)
1 creature vanquished.

Grand Total: 32 creatures vanquished

Notes
Turn   | Place    | Note
-------+----------+-------------------------------------------
     0 | D:1      | Arixos the Demonspawn Monk began the quest for the Orb.
     0 | D:1      | Reached XP level 1. HP: 18/18 MP: 1/1
   431 | D:1      | Gained mutation: You are slightly more attuned to the
                  | shadows. [demonic ancestry]
   431 | D:1      | Reached XP level 2. HP: 22/24 MP: 2/2
   895 | D:2      | Noticed Sigmund
  1050 | D:2      | Reached skill level 1 in Armour
  1314 | D:2      | Gained mutation: A weak demonic guardian rushes to your
                  | aid. [demonic ancestry]
  1314 | D:2      | Reached XP level 3. HP: 27/29 MP: 3/3
  1482 | D:2      | Found an iron altar of Okawaru.
  1485 | D:2      | Noticed Natasha
  1510 | D:2      | Killed Natasha
  2014 | D:2      | Noticed Natasha
  2082 | D:2      | Killed Natasha
  2082 | D:2      | Reached XP level 4. HP: 18/37 MP: 4/4
  2155 | D:2      | Noticed Natasha
  2340 | D:2      | Killed Natasha
  2580 | D:2      | Reached skill level 4 in Fighting
  2705 | D:2      | Noticed Terence
  3232 | D:2      | Found a radiant altar of Vehumet.
  3233 | D:2      | Found a shimmering altar of Xom.
  3233 | D:2      | Found a sparkling altar of Nemelex Xobeh.
  3236 | D:2      | Found a shadowy altar of Dithmenos.
  3236 | D:2      | Found a radiant altar of Vehumet.
  3236 | D:2      | Found an iron altar of Okawaru.
  3433 | D:2      | Killed from afar by Sigmund

Levels and vault maps discovered:
D:1:      saegor_arrival_under_anarchy, layout_loops_corners
D:2:      layout_loops_corners, lemuel_crystal_altar, first_ration,
          doesnt_xom_only_xom, uniq_natasha, uniq_terence, uniq_sigmund

Skill      XL: |  1  2  3  4 |
---------------+-------------+-----
Dodging        | 3 |  3.6
Armour         | 1 2 |  2.1
Fighting       | 4 |  4.0
Stealth        | |  1.7
Unarmed Combat | |  2.8

Action                   |  1- 3 |  4- 6 || total
-------------------------+-------+-------++-------
Melee: Unarmed           |    47 |       ||    47
       Dagger            |    76 |    47 ||   123
       Punch             |       |     1 ||     1
  Use: Potion            |     2 |     2 ||     4
 Stab: Sleeping          |     6 |     4 ||    10
  Eat: Chunk             |     4 |     2 ||     6
Armor: Scale mail        |     8 |       ||     8
       Robe              |     6 |       ||     6
       Leather armour    |     7 |     8 ||    15
Dodge: Dodged            |    70 |    26 ||    96

Table legend:
 A = Non-vault XP
 B = Vault XP
 C = Vault XP percentage of total XP
 D = Non-vault monster count
 E = Vault monster count
 F = Vault count percentage of total count
                 A         B        C        D         E       F
            +---------+---------+-------+---------+---------+-------
      Total |     163 |      22 |  11.9 |      31 |       1 |   3.1
            +---------+---------+-------+---------+---------+-------
        D:1 |      18 |       0 |   0.0 |      10 |       0 |   0.0
        D:2 |     145 |      22 |  13.2 |      21 |       1 |   4.5
            +---------+---------+-------+---------+---------+-------
